 Dungeon Crawl Stone Soup version 0.30.0-7-g0c4daa9e05 (webtiles) character file.

Game seed: 12700626989284195797

18 Atelerd the Digger (level 2, 0/17 HPs)
             Began as an Octopode Earth Elementalist on May 13, 2023.
             Slain by a jackal (3 damage)
             ... on level 1 of the Dungeon.
             The game lasted 00:00:18 (566 turns).

Atelerd the Digger (Octopode Earth Elementalist)     Turns: 566, Time: 00:00:18

Health: 0/17       AC:  1    Str:  7    XL:     2   Next: 66%
Magic:  3/5        EV: 13    Int: 17    God:
Gold:   2          SH:  0    Dex: 12    Spells: 4/5 levels left

rFire   . . .        e - +0 dagger
rCold   . . .        (no shield)
rNeg    . . .        (helmet restricted)
rPois   .            (no amulet)
rElec   .            (no ring)
rCorr   .            (no ring)
SInv    .            (no ring)
Will    .....        (no ring)
Stlth   +++          (no ring)
HPRegen 0.22/turn    (no ring)
MPRegen 0.09/turn    (no ring)
                     (no ring)

%: no passive effects
@: no status effects
A: almost no armour, amphibious, 8 rings, camouflage 1, gelatinous body 1,
(nimble swimmer 1), tentacles
a: no special abilities


You were on level 1 of the Dungeon.
You visited 1 branch of the dungeon, and saw 1 of its levels.

You collected 2 gold pieces.

Inventory:

Hand Weapons
 e - a +0 dagger (weapon)
Scrolls
 b - a scroll of fog {unknown}
 c - a scroll of butterflies {unknown}
Potions
 a - a potion of magic
 d - a potion of invisibility {unknown}


   Skills:
 - Level 2.0 Dodging
 - Level 2.6 Stealth
 + Level 2.3 Spellcasting
 + Level 1.0 Transmutations
 + Level 3.6 Earth Magic


You had 4 spell levels left.
You knew the following spells:

 Your Spells              Type           Power      Damage    Failure   Level
a - Sandblast             Erth           28%        2d8       4%          1

Your spell library contained the following spells:

 Spells                   Type           Power      Damage    Failure   Level
 Passwall                 Tmut/Erth      7%         N/A       11%         2
 Stone Arrow              Conj/Erth      16%        3d8       26%         3
 Petrify                  Tmut/Erth      9%         N/A       58%         4


Dungeon Overview and Level Annotations

Branches:
Dungeon (1/15)

Altars:


Innate Abilities, Weirdness & Mutations

You cannot wear most types of armour.
You are amphibious.
You can wear up to eight rings at the same time.
Your skin changes colour to match your surroundings (Stealth+).
Your rubbery body absorbs attacks. (AC +1, EV +1)
((You are camouflaged when in or above water. (Stealth+)))
You have tentacles for arms and can constrict up to eight enemies at once.


Message History

The jackal completely misses you.
You closely miss the jackal. Your grab misses the jackal.
The jackal misses you.
There are monsters nearby!
You hit the jackal. Your grab misses the jackal.
Your squeeze misses the jackal.
The jackal is almost dead.
The jackal completely misses you. The jackal bites you.
The kobold closely misses you. The rat closely misses you.
The jackal misses you. The jackal barely misses you.
There are monsters nearby!
The blast of sand hits the jackal!
You kill the jackal!
The jackal misses you. The kobold misses you. The rat bites you.
The jackal barely misses you. The jackal closely misses you.
The rat bites you but does no damage. The kobold hits you with a +0 dagger.
You hit the jackal. You grab the jackal.
The jackal is moderately wounded.
You constrict the jackal, but do no damage.
The jackal bites you. The jackal closely misses you. The rat barely misses you.
The kobold closely misses you.
The blast of sand hits the jackal.
You kill the jackal!
The jackal closely misses you. x2; The kobold hits you with a +0 dagger.
The rat bites you.
There are monsters nearby!
You hit the endoplasm.
The endoplasm is heavily wounded.
The jackal closely misses you. The endoplasm freezes you.
You are frozen.
The kobold hits you with a +0 dagger.
* * * LOW HITPOINT WARNING * * *
The rat closely misses you. The jackal barely misses you.
You are too injured to fight recklessly!
The endoplasm attacks as you move away! The endoplasm closely misses you.
The kobold hits you but does no damage. The kobold attacks as you move away!
The kobold hits you but does no damage.
There is an open door here.
The jackal bites you.
You die...

#.#####..#####.####
#..#........#
###.#####..#.###......#
#............# .......
.###.....## .##...#
##...## .# ..#
#.#####..# .# ..
#........# .# #
....####@## .. . ##h##
##JKr## #.....#
#†......# ..........#
............+
..###.........# #
##.......##


You could see an endoplasm, a jackal, a kobold and a rat.

Vanquished Creatures
  3 ball pythons (D:1)
  2 endoplasms (D:1)
  A giant cockroach (D:1)
  A goblin (D:1)
  2 hobgoblins (D:1)
  2 jackals (D:1)
  A quokka (D:1)
  2 bats (D:1)
14 creatures vanquished.

Notes
Turn   | Place    | Note
-------+----------+-------------------------------------------
     0 | D:1      | Atelerd the Octopode Earth Elementalist began the quest for
                  | the Orb.
     0 | D:1      | Reached XP level 1. HP: 11/11 MP: 3/3
   204 | D:1      | Reached XP level 2. HP: 17/17 MP: 3/5
   566 | D:1      | Slain by a jackal

Illustrated notes

Levels and vault maps discovered:
D:1:      minmay_arrival_stair_chambers, layout_loops_corners,
          chequers_serial_rivers_room_b

Action                     || total
---------------------------++-------
  Melee: Unarmed           ||     6
         Constrict         ||     5
         Dagger            ||     4
         Tentacles         ||     1
   Cast: Sandblast         ||    18
   Stab: Sleeping          ||     1
 Armour: Skin              ||     5
  Dodge: Dodged            ||    29
